Map: Traitor's Exile

Players

Catini - Winner!

  • Race: Protoss Protoss
  • Spawn Location: 12:00

PureLegacy - Winner!

  • Race: Terran Terran
  • Spawn Location: 9:00

Dan

  • Race: Zerg Zerg
  • League: Master
  • Spawn Location: 6:00

Sean

  • Race: Terran Terran
  • League: Diamond
  • Spawn Location: 5:00

VOD

Have the link to the VOD?

Description

Time

  • Played on: Nov. 24, 2018, 4:56 p.m.
  • Length: 13:21
Show
View Real Time Build Order
Export as new Build Order

Catini Protoss - Winner!

Build Orders:  

Get SALT Encoding   

  1  0:00  Probe  
  12  0:05  Probe  
  14  0:19  Pylon  
  14  0:31  Probe  
  15  0:41  Gateway  
  15  0:43  Probe  
  15  0:46  Assimilator  
  16  1:05  Probe  
  17  1:13  Probe  
  17  1:15  Pylon  
  18  1:19  Pylon  
  18  1:23  Probe  
  19  1:29  Assimilator  
  19  1:35  Probe  
  20  1:45  Cybernetics Core  
  20  1:55  Forge  
  20  1:59  Probe  
  21  2:11  Probe  
  22  2:23  Probe  
  23  2:41  Photon Cannon, Nexus  
  23  3:08  Stargate  
  23  3:23  Nexus  
  23  3:24  Probe  
  23  3:31  Photon Cannon  
  23  3:32  Probe  
  24  3:35  Pylon  
  24  3:37  Pylon  
  25  3:41  Probe  
  25  3:44  Void Ray  
  25  3:46  Assimilator  
  26  3:54  Probe  
  31  4:15  Probe  
  32  4:23  Stargate  
  32  4:26  Void Ray  
  32  4:27  Probe  
  30  5:34  Void Ray  
  30  5:43  Void Ray  
  30  5:48  Probe  
  38  5:56  Probe  
  40  6:06  Probe  
  41  6:18  Probe  
  42  6:30  Probe  
  35  6:59  Void Ray  
  35  7:12  Void Ray  
  35  7:13  Probe  
  39  7:21  Probe  
  39  7:22  Assimilator  
  41  7:31  Probe  
  42  7:40  Probe  
  42  7:42  Void Ray  
  46  7:48  Probe  
  47  7:55  Void Ray  
  47  7:56  Probe  
  52  8:04  Probe  
  54  8:12  Probe  
  55  8:23  Probe  
  55  8:25  Void Ray  
  60  8:35  Probe  
  60  8:38  Void Ray  
  65  8:47  Probe  
  66  9:00  Probe  
  67  9:08  Void Ray  
  67  9:37  Nexus  
  67  9:55  Pylon  
  67  10:02  Pylon  
  67  10:03  Pylon  
  67  10:05  Pylon  
  67  10:08  Pylon x2  
  67  10:10  Pylon  
  67  10:12  Void Ray x2  
  47  10:51  Fleet Beacon  
  47  10:55  Void Ray x2  
  55  10:58  Pylon  
  55  11:05  Stargate  
  55  11:08  Probe, Stargate  
  55  11:17  Probe  
  56  11:21  Assimilator  
  56  11:24  Assimilator, Probe  
  57  11:26  Probe  
  57  11:32  Probe  
  59  11:38  Void Ray x2, Probe  
  69  11:42  Probe  
  70  11:51  Probe  
  72  11:54  Probe  
  72  12:03  Carrier, Probe  
  72  12:04  Carrier  
  72  12:06  Probe  
  86  12:11  Carrier  
  86  12:12  Probe  
  86  12:20  Probe  
  94  12:30  Probe  
  94  12:37  Pylon x2  
  95  12:39  Pylon  
  95  12:41  Pylon  
  95  12:42  Probe  
  95  12:43  Pylon  
  96  12:54  Probe  
Show
View Real Time Build Order
Export as new Build Order

PureLegacy Terran - Winner!

Build Orders:  

Get SALT Encoding   

  12  0:01  SCV  
  13  0:13  SCV  
  14  0:18  Supply Depot  
  14  0:25  SCV  
  15  0:35  Refinery  
  15  0:40  SCV  
  16  0:46  Barracks  
  16  0:56  SCV  
  17  1:06  Barracks  
  17  1:18  Barracks  
  17  1:27  SCV  
  18  1:34  Reaper  
  19  1:41  Orbital Command  
  19  1:49  Refinery  
  19  1:53  Reaper  
  20  2:03  Supply Depot  
  20  2:06  Reaper  
  21  2:13  Reaper  
  21  2:14  SCV  
  23  2:26  Supply Depot  
  23  2:29  Reaper  
  24  2:33  SCV  
  25  2:38  Reaper  
  26  2:46  Reaper  
  26  2:47  SCV  
  27  3:01  Reaper  
  28  3:10  Reaper  
  29  3:18  Reaper  
  28  3:21  Command Center  
  28  3:23  SCV  
  29  3:33  Reaper  
  30  3:45  Reaper  
  31  3:54  Reaper  
  32  3:58  Barracks x2, SCV  
  33  4:14  Reaper  
  33  4:17  SCV  
  33  4:18  Reaper  
  33  4:19  Engineering Bay  
  33  4:23  Supply Depot  
  35  4:27  Reaper  
  30  4:46  Reaper  
  30  4:47  Reaper x2  
  30  4:49  Orbital Command  
  30  4:51  Terran Infantry Weapons Level 1  
  33  4:53  SCV  
  33  5:01  Reaper  
  34  5:08  SCV  
  34  5:11  Reaper  
  34  5:13  Refinery  
  36  5:15  Refinery  
  36  5:22  Reaper  
  36  5:25  SCV x2  
  39  5:33  Reaper  
  40  5:37  SCV x2  
  40  5:38  Reaper  
  43  5:44  Reaper  
  43  5:49  SCV x2  
  46  5:50  Reaper  
  45  6:00  Reaper  
  45  6:01  SCV x2  
  46  6:05  Barracks, Reaper  
  46  6:06  Barracks  
  46  6:10  Reaper  
  48  6:13  SCV x2  
  47  6:19  Reaper  
  47  6:22  Reaper  
  49  6:30  Supply Depot  
  49  6:31  SCV x2  
  51  6:35  Reaper  
  52  6:45  Reaper x2  
  54  6:47  SCV  
  54  6:51  Reaper, SCV  
  57  6:57  Reaper  
  58  7:02  Reaper  
  59  7:08  Reaper x2  
  59  7:10  SCV x2  
  59  7:13  Terran Infantry Armor Level 1, Command Center  
  62  7:16  Supply Depot x2  
  62  7:17  Reaper  
  62  7:19  Barracks x2  
  62  7:30  SCV x2  
  64  7:37  Supply Depot, Barracks Tech Lab  
  64  7:40  Factory  
  64  7:42  SCV x2  
  62  7:54  Marine  
  62  7:55  Marine x5  
  62  7:58  SCV x2  
  67  8:07  Marine x2  
  67  8:08  Stimpack  
  67  8:10  SCV  
  67  8:11  Engineering Bay  
  67  8:12  SCV  
  71  8:14  Marine  
  71  8:25  Marine x6  
  71  8:26  Marine  
  78  8:28  Orbital Command  
  78  8:29  Factory Reactor  
  78  8:30  Starport  
  78  8:31  SCV  
  78  8:32  SCV  
  78  8:33  Armory  
  80  8:37  Marine  
  81  8:42  Supply Depot  
  81  8:44  SCV x2  
  80  9:00  Marine x3  
  82  9:17  SCV x2  
  82  9:19  Factory Tech Lab  
  82  9:22  Barracks Reactor x5  
  82  9:23  Terran Infantry Weapons Level 2, Terran Infantry Armor Level 2, Barracks Reactor  
  83  9:31  Orbital Command  
  83  9:34  Marine x2  
  83  9:36  Medivac x2  
  83  9:38  Factory Tech Lab, SCV x2  
  84  9:45  Refinery  
  84  9:49  Refinery  
  84  9:50  SCV x2  
  84  9:51  Factory  
  84  9:52  Marine  
  87  9:57  Siege Tank  
  90  10:01  Marine x10  
  90  10:02  SCV x2  
  103  10:16  Sensor Tower, Supply Depot  
  103  10:17  Medivac x2  
  106  10:25  Marine x6  
  106  10:26  Marine x4  
  106  10:27  Marine  
  117  10:35  Supply Depot  
  117  10:36  Siege Tank  
  117  10:39  Command Center  
  120  10:46  Factory Tech Lab  
  120  10:47  Medivac x2, SCV x3  
  127  10:54  Terran Vehicle Weapons Level 1, Supply Depot  
  127  10:55  Supply Depot  
  127  11:01  Marine x5  
  127  11:02  Marine x3  
  135  11:04  Marine x2, Barracks Reactor  
  137  11:11  SCV  
  137  11:12  Supply Depot, SCV  
  137  11:13  Supply Depot, SCV  
  137  11:17  Medivac x2  
  144  11:18  Siege Tank  
  143  11:38  Marine x2  
  142  11:43  Marine  
  135  11:48  Medivac x2  
  135  11:49  Siege Tank  
  135  11:50  Siege Tank  
  135  11:53  Marine  
  136  11:56  Marine x5  
  136  11:57  Marine x4  
  136  11:58  Marine x3  
  139  12:11  SCV x2  
  139  12:14  Orbital Command  
  141  12:17  SCV  
  141  12:21  Marine, Siege Tank  
  141  12:22  Marine x5  
  150  12:23  Marine  
  150  12:27  Marine x3  
  154  12:40  Marine x3  
  148  12:49  Marine  
  148  12:50  Marine x2  
  146  12:53  Marine  
  146  12:54  Marine  
  146  12:56  Marine x3  
  152  12:59  Marine x4  
Show
View Real Time Build Order
Export as new Build Order

Dan Zerg 

Build Orders: Pool First 

Get SALT Encoding   

  12  0:01  Drone  
  13  0:13  Overlord  
  13  0:18  Drone  
  14  0:24  Extractor  
  14  0:25  Drone  
  15  0:32  Drone  
  16  0:46  Spawning Pool  
  16  0:48  Drone  
  16  0:51  Drone  
  17  1:16  Hatchery  
  17  1:17  Extractor  
  15  1:18  Drone  
  15  1:21  Drone  
  17  1:27  Drone  
  18  1:35  Zergling x2  
  19  1:40  Queen  
  19  1:42  Zergling x2  
  22  1:51  Overlord  
  22  2:10  Extractor  
  22  2:12  Drone  
  23  2:21  Metabolic Boost  
  23  2:22  Queen  
  25  2:25  Zergling x4  
  25  2:28  Drone  
  28  2:36  Queen  
  30  2:39  Drone  
  30  2:42  Drone  
  32  2:53  Zergling x4  
  32  2:56  Overlord  
  34  3:06  Overlord  
  34  3:16  Drone  
  34  3:17  Drone x2  
  34  3:18  Spore Crawler  
  36  3:20  Spore Crawler  
  36  3:21  Drone  
  36  3:23  Drone  
  36  3:25  Drone  
  35  3:53  Zergling x14  
  36  4:11  Zergling x6  
  37  4:18  Queen  
  37  4:23  Zergling x8  
  42  4:35  Hatchery  
  39  4:45  Drone x5  
  41  4:52  Drone x2  
  42  5:03  Drone  
  42  5:04  Drone x3  
  44  5:12  Drone x2  
  41  5:24  Hatchery  
  41  5:25  Zergling x2  
  41  5:26  Zergling x2  
  42  5:29  Spore Crawler  
  42  5:34  Drone  
  42  5:35  Lair, Evolution Chamber  
  41  5:40  Zergling x2  
  42  5:45  Zergling x10  
  42  5:49  Zergling x2  
  48  5:53  Zergling x2  
  48  5:57  Zergling x2  
  48  6:18  Zergling x14  
  44  6:21  Zerg Missile Weapons Level 1  
  44  6:23  Extractor  
  44  6:25  Extractor  
  47  6:27  Drone x3, Extractor  
  47  6:29  Queen  
  47  6:30  Drone  
  52  6:33  Overlord  
  52  6:51  Queen  
  53  7:05  Zergling x2  
  53  7:06  Zergling x24  
  57  7:18  Spore Crawler  
  57  7:20  Drone x4  
  60  7:24  Drone x3  
  63  7:31  Drone  
  63  7:32  Hydralisk Den, Overlord x5  
  63  8:03  Drone x11  
  63  8:04  Drone x3  
  77  8:07  Muscular Augments  
  73  8:24  Hydralisk  
  73  8:25  Hydralisk x5  
  79  8:35  Overlord  
  79  8:37  Drone  
  79  8:38  Drone x6  
  86  8:41  Extractor  
  86  8:45  Evolution Chamber  
  49  9:10  Zergling x32  
  60  9:19  Grooved Spines  
  60  9:20  Hydralisk x2  
  60  9:24  Drone x2  
  65  9:25  Drone  
  63  9:39  Queen  
  63  9:40  Queen  
  63  9:45  Spore Crawler  
  66  9:46  Zerg Ground Armor Level 1  
  66  9:49  Zerg Missile Weapons Level 2  
  66  10:01  Overseer  
  65  10:08  Hydralisk x5  
  68  11:01  Hydralisk  
  68  11:02  Hydralisk x9  
  88  11:21  Hatchery  
  88  11:24  Infestation Pit  
  49  11:47  Hydralisk x3  
  49  11:48  Hydralisk x9  
  65  12:07  Hatchery  
  64  12:22  Lurker Den  
Show
View Real Time Build Order
Export as new Build Order

Sean Terran 

Build Orders:  

Get SALT Encoding   

  12  0:01  SCV  
  13  0:13  SCV  
  14  0:18  Supply Depot  
  14  0:25  SCV  
  15  0:36  Refinery  
  15  0:40  SCV  
  16  0:46  Barracks  
  16  0:52  SCV  
  17  1:05  Barracks  
  17  1:07  SCV  
  18  1:21  Barracks  
  18  1:26  SCV  
  19  1:33  Reaper  
  20  1:43  Supply Depot  
  21  1:55  SCV  
  22  2:02  Barracks Tech Lab  
  22  2:08  Factory  
  21  2:16  Marine  
  21  2:17  SCV  
  21  2:22  Marine x2  
  26  2:30  SCV  
  26  2:36  Marine  
  27  2:39  Marine  
  27  2:42  SCV  
  28  2:46  Marine  
  29  2:57  Marine  
  31  3:12  Orbital Command  
  30  3:14  Supply Depot  
  30  3:21  Barracks Tech Lab  
  30  3:23  Barracks Tech Lab  
  30  3:28  Barracks Reactor  
  30  3:31  Command Center  
  30  3:35  Siege Tank  
  30  3:40  SCV  
  34  3:51  Refinery  
  34  3:53  Marine x2  
  36  3:56  SCV  
  37  4:06  Marine x2  
  39  4:10  Starport  
  39  4:43  SCV  
  39  4:44  Marine x2, Marauder x2  
  46  4:53  Starport Reactor  
  46  4:55  SCV  
  46  4:56  Command Center  
  44  5:13  Marine x2, Marauder x2, SCV  
  51  5:25  SCV  
  51  5:34  Marine x2  
  51  5:35  Viking  
  45  5:44  Siege Tank  
  45  5:49  SCV  
  48  5:53  Marine  
  48  5:54  Marine, Engineering Bay  
  50  6:00  Marine x2  
  52  6:08  SCV x2  
  54  6:18  SCV  
  55  6:29  Missile Turret x2  
  55  6:30  Missile Turret, SCV  
  56  6:41  Viking  
  56  6:42  Viking  
  60  6:59  Marine x2, Marauder x2  
  65  7:02  SCV  
  65  7:04  SCV  
  67  7:11  Viking  
  69  7:25  Missile Turret  
  69  7:28  Missile Turret  
  69  7:31  Supply Depot  
  69  7:32  Missile Turret  
  69  7:35  Supply Depot  
  69  7:37  Orbital Command  
  69  7:39  SCV  
  69  7:47  Marine, Marauder, SCV  
  69  7:50  Marauder  
  68  7:56  SCV  
  63  8:01  Planetary Fortress  
  60  8:08  Marauder  
  60  8:10  SCV  
  60  8:11  SCV, Marauder  
  66  8:14  Medivac x2  
  70  8:22  SCV  
  70  8:23  SCV  
  72  8:29  Marauder  
  72  8:33  Marauder  
  77  8:34  SCV  
  77  8:35  SCV  
  77  8:40  Marine x2  
  80  8:46  SCV  
  81  8:51  Marauder  
  81  8:53  SCV x2  
  85  8:58  Marine, Marauder  
  85  8:59  Marine  
  78  9:12  Marine  
  78  9:13  SCV  
  78  9:14  SCV x2  
  78  9:16  Marine  
  85  9:19  Viking, Marine x2  
  85  9:22  Supply Depot x2  
  85  9:25  Supply Depot  
  85  9:28  Command Center  
  85  9:43  Viking, Marine x4  
  85  9:44  Barracks x2, Supply Depot x2  
  91  9:49  Missile Turret x2, Viking  
  91  9:52  Missile Turret  
  93  9:55  SCV x2  
  93  9:56  SCV  
  96  10:01  Marine  
  97  10:07  SCV  
  97  10:08  Refinery, SCV x2  
  97  10:09  Refinery, Sensor Tower  
  97  10:12  Siege Tank  
  97  10:13  Marine x2  
  105  10:22  Supply Depot x2  
  105  10:24  Viking  
  105  10:36  Marine x3  
  105  10:37  Viking  
  107  10:43  Marauder  
  107  10:44  SCV x3  
  112  10:54  Marine x2  
  112  10:56  SCV  
  115  10:57  SCV  
  116  11:05  Liberator  
  116  11:06  Engineering Bay, Starport  
  116  11:09  SCV x2  
  116  11:10  Refinery x2  
  118  11:23  SCV x2  
  123  11:33  Marine x3  
  123  11:34  Marine  
  121  11:56  Liberator x2  
  121  11:58  Combat Shield  
  112  12:06  SCV, Siege Tank  
  112  12:08  SCV  
  117  12:09  SCV  
  124  12:20  SCV  
  124  12:21  SCV x2  
  127  12:25  Marine x2  
  127  12:26  Marauder x2  
  133  12:31  Barracks Reactor  
  133  12:35  Barracks  
  133  12:36  Barracks x2  
  96  13:01  Marine x3  
Tags
 
Add a new tag
Caveats
  • Supply blocks, unpowered buildings, or Contaminate may cause inaccurate times.
  • Supply counts are checked every 10 seconds.